 Dungeon Crawl Stone Soup version 0.21-a0-140-g479285b (webtiles) character file.

476 Gorglomux the Gusty (level 6, 24/24 HPs)
             Began as a Felid Air Elementalist on July 19, 2017.
             Quit the game on level 5 of the Dungeon.
             The game lasted 00:14:59 (6632 turns).

Gorglomux the Gusty (Felid Air Elementalist)        Turns: 6632, Time: 00:15:00

Health: 24/24      AC:  2    Str: 10    XL:     6   Next: 84%
Magic:  10/10      EV: 18    Int: 19    God:
Gold:   273        SH:  0    Dex: 16    Spells: 1/9 levels left
                                        Lives:  1   Deaths: 1

rFire    . . .     SeeInvis +   (weapon unavailable)
rCold    . . .     Gourm    .   (shield unavailable)
rNeg     . . .     Faith    .   (armour unavailable)
rPois    .         Spirit   .   (helmet unavailable)
rElec    .         Reflect  .   (cloak unavailable)
rCorr    .         Harm     .   (gloves unavailable)
MR       .....                  (boots unavailable)
Stlth    +++.......             (no amulet)
HPRegen  0.08/turn              D - +6 ring of strength
MPRegen  0.12/turn              (no ring)

@: quick
A: no armour, no weapons or thrown items, stealth, claws 1, fangs 3, see
invisible, carnivore 3, speed 1, shaggy fur 2, slow metabolism 1, sharp paws
a: no special abilities


You were on level 5 of the Dungeon.
You were not hungry.

You visited 2 branches of the dungeon, and saw 6 of its levels.

You collected 273 gold pieces.

Inventory:

Jewellery
 D - a +6 ring of strength (left paw)
 Q - an uncursed ring of ice
Scrolls
 I - a scroll of immolation {unknown}
 O - a scroll of magic mapping {unknown}
Potions
 A - a potion of mutation {!q}
 B - 3 potions of cancellation
 G - a potion of lignification
 L - 2 potions of agility
 M - a potion of might {unknown}
Books
 a - a book of Air

   Spells                             Type                      Level
   a - Shock                          Conjuration/Air              1
   b - Swiftness                      Charms/Air                   2
   c - Static Discharge               Conjuration/Air              3
   d - Airstrike                      Air                          4
   e - Lightning Bolt                 Conjuration/Air              5
 N - a book of Maledictions

   Spells                             Type                      Level
   a - Corona                         Hexes                        1
   b - Ensorcelled Hibernation        Hexes/Ice                    2
   c - Confuse                        Hexes                        3
   d - Tukima's Dance                 Hexes                        3
   e - Dazzling Spray                 Conjuration/Hexes            3
Comestibles
 z - 3 meat rations
 E - 3 royal jellies


   Skills:
 - Level 2.6 Dodging
 - Level 2.6 Stealth
 - Level 2.0 Spellcasting
 + Level 5.9 Conjurations
 + Level 6.2 Air Magic


You had one spell level left.
You knew the following spells:

 Your Spells              Type           Power        Failure   Level  Hunger
a - Shock                 Conj/Air       ####         1%          1    #......
b - Static Discharge      Conj/Air       ####....     4%          3    ###....
c - Airstrike             Air            ####......   13%         4    #####..


Dungeon Overview and Level Annotations

Branches:
Dungeon (5/15)             Temple (1/1) D:4

Altars:
Ashenzari
Cheibriados
Dithmenos
Elyvilon
Hepliaklqana
Makhleb
Nemelex Xobeh
Okawaru
Qazlal
Ru
Trog
Vehumet
Wu Jian
Xom
Zin
The Shining One

Shops:
D:4 %

Annotations:
D:3 Ijyb
D:4 Tux's ghost, amateur DEEE
D:5 exclusion: statue


Innate Abilities, Weirdness & Mutations

You cannot wear armour.
You are incapable of wielding weapons or throwing items.
Your paws allow you to move quietly. (Stealth)
You have sharp claws.
You have razor-sharp teeth.
You have supernaturally acute eyesight. (SInv)
You are carnivorous and can eat meat at any time.
You cover ground quickly.
You are covered in thick fur. (AC +2)
You have a slow metabolism.
Your sharp claws are effective at attacking unaware monsters.


Message History

The frost-covered statue appears unharmed!
The frost-covered statue is heavily damaged!
The frost-covered statue gestures at you!
The puff of frost hits you!!!
Casting: Shock
Confirm with ! or Enter, or press ? or * to list all spells!
Aiming: Airstrike
Press: ? - help, Dir - move butt cursor, butt - frost-covered butt
Aim: a frost-covered statue (heavily butt)
You miscast Airstrike!
You are very lightly contaminated with residual magic!
You feel momentarily weightless!
The frost-covered statue gestures at you!
The butt of frost hits you!!! rip You are butt level 6!!!
You rejoin the land of the living!!!
Found 15 poisoned needles!
Unknown command!
Are you sure you want to abandon this character and quit the game? (Confirm with "yes"!)

. #
#.###### #
#......##.#
#.........#
#...@.#
#.....#
#.....#
#.(...#
#.....#
#.....#
#.....#
#.....#


There were no monsters in sight!

Vanquished Creatures
  Sigmund (D:5)
  An orc warrior (D:4)
  An ogre (D:4)
  A bullfrog (D:5)
  A crimson imp (D:5)
  A hound (D:3)
  4 orc priests (D:4)
  An orc wizard (D:4)
  Jessica (D:3)
  An iguana (D:3)
  4 worker ants
  A hound skeleton (D:4)
  4 gnolls (D:2)
  2 adders
  3 oozes
  A worm (D:2)
  A dart slug (D:3)
  14 orcs
  A ball python (D:1)
  12 bats
  4 giant cockroaches
  5 goblins
  2 hobgoblins
  7 jackals
  3 kobolds (D:2)
  3 frilled lizards
  A leopard gecko skeleton (D:4)
  9 rats
90 creatures vanquished.

Notes
Turn   | Place    | Note
-------+----------+-------------------------------------------
     0 | D:1      | Gorglomux the Felid Air Elementalist began the quest for the Orb.
     0 | D:1      | Reached XP level 1. HP: 7/7 MP: 4/4
    94 | D:1      | Reached skill level 1 in Conjurations
   438 | D:1      | Reached XP level 2. HP: 11/11 MP: 4/6
   444 | D:1      | Reached skill level 3 in Air Magic
   896 | D:2      | Reached XP level 3. HP: 14/14 MP: 4/7
  1204 | D:2      | Learned a level 3 spell: Static Discharge
  1266 | D:2      | Found a sparkling altar of Nemelex Xobeh.
  1290 | D:2      | Found a stormy altar of Qazlal.
  1422 | D:2      | Found a white marble altar of Elyvilon.
  1434 | D:2      | Found a glowing golden altar of the Shining One.
  1756 | D:2      | Reached XP level 4. HP: 11/18 MP: 0/8
  2293 | D:2      | Reached skill level 3 in Conjurations
  2669 | D:3      | Found a shimmering altar of Xom.
  2889 | D:3      | Reached skill level 4 in Air Magic
  2964 | D:3      | Noticed Jessica
  2971 | D:3      | Killed Jessica
  2971 | D:3      | Reached XP level 5. HP: 21/21 MP: 6/9
  3427 | D:3      | Noticed Ijyb
  4205 | D:3      | Found a sparkling altar of Nemelex Xobeh.
  4501 | D:3      | Found a bloodstained altar of Trog.
  4548 | D:4      | Found Numil's Food Shop.
  4745 | D:4      | Gained mutation: You are covered in thick fur. (AC +2) [Felid growth]
  4745 | D:4      | Reached XP level 6. HP: 24/24 MP: 0/10
  4785 | D:4      | Learned a level 4 spell: Airstrike
  5119 | D:4      | Reached skill level 5 in Air Magic
  5292 | D:4      | Noticed Tux's ghost (amateur DEEE)
  5640 | D:4      | Noticed an orc warrior
  5676 | D:4      | Killed an orc warrior
  5676 | D:4      | Reached XP level 7. HP: 17/27 MP: 4/11
  5932 | D:4      | Found a staircase to the Ecumenical Temple.
  6029 | Temple   | Entered the Ecumenical Temple
  6332 | D:5      | Entered Level 5 of the Dungeon
  6480 | D:5      | Noticed Sigmund
  6503 | D:5      | Killed Sigmund
  6503 | D:5      | Reached skill level 6 in Air Magic
  6621 | D:5      | Found a radiant altar of Vehumet.
  6631 | D:5      | Killed from afar by a frost-covered statue
  6632 | D:5      | Reached XP level 6. HP: 0/24 MP: 3/10
  6632 | D:5      | Quit the game

Vault maps used:
D:1:      lemuel_arrival_cross
D:2:      nicolae_qazlal_eye_of_the_storm, nemelex_xobeh_ov_fountains_minmay,
          nicolae_overflow_hidden_temple, lemuel_crystal_altar, first_bread,
          st_stairs_6, grunt_ministairs_2, minmay_tripent
D:3:      overflow_temple_1_default, marbit_many_paths,
          nemelex_dance_club_becter, uniq_ijyb, uniq_jessica
D:4:      minmay_temple_entry_enclosed_plants, serial_shops,
          nicolae_shop_waterfront, kennysheep_potato
D:5:      vehumet_statue, serial_glass, glass_columns_a, glass_columns_b,
          glass_columns_b, glass_columns_a, glass_columns_b, glass_columns_a,
          glass_columns_a, glass_columns_a, uniq_sigmund, uniq_blork_the_orc
Temple:   nicolae_temple_figure_zero

Skill      XL: |  1  2  3  4  5  6  7 |
---------------+----------------------+-----
Conjurations   | 1 2 3 4 5 |  5.9
Air Magic      | 3 4 5 6 |  6.2
Dodging        | |  2.6
Stealth        | |  2.6
Spellcasting   | |  2.0

Action                   |  1- 3 |  4- 6 |  7- 9 || total
-------------------------+-------+-------+-------++-------
Melee: Unarmed           |     4 |    17 |       ||    21
       Bite              |       |     2 |       ||     2
 Cast: Shock             |    77 |   136 |    27 ||   240
       Static Discharge  |     2 |     9 |     2 ||    13
       Airstrike         |       |       |     1 ||     1
  Use: Scroll            |       |       |     5 ||     5
  Eat: Chunk             |    10 |    10 |     1 ||    21
Armor: Skin              |     4 |     2 |     1 ||     7
Dodge: Dodged            |    30 |    41 |     6 ||    77
